 Dungeon Sprint DCSS version 0.17.0-15-g6d90897 (webtiles) character file.

87664 hexophile the Slayer (level 15, -2/162 HPs)
             Began as a Ghoul Monk on Nov 10, 2015.
             Was the Champion of Cheibriados.
             Slain by Dissolution (33 damage)
             ... while paralysed by a giant eyeball
             ... in the Dungeon (Sprint VII: "The Pits").
             The game lasted 00:19:23 (4124 turns).

hexophile the Slayer (Ghoul Monk)                   Turns: 4124, Time: 00:19:23

Health: -2/162     AC: 11    Str: 36    XL:     15   Next: 91%
Magic:  2/33       EV:  2    Int: 27    God:    Cheibriados [******]
Gold:   53         SH:  0    Dex: 31    Spells: 0 memorised, 44 levels left

rFire  + . .     SeeInvis .     m - +2 war axe (vamp)
rCold  + + .     Clarity  .     E - +4 gold dragon armour {rC+ rF+ rPois}
rNeg   + + +     SustAt   .     h - +1 large shield
rPois  ∞         Gourm    .     u - +1 helmet
rElec  .         Spirit   .     s - +1 cloak
rCorr  .         Warding  .     p - +1 pair of gloves
rMut   .         NoTele   +     C - +0 pair of boots
MR     +....                    (no amulet)
Stlth  ..........               q - +3 ring of strength
                                g - +3 ring of intelligence

@: confused, paralysed, agile, corroded equipment, rotting, very slow, somewhat
resistant to hostile enchantments, extremely unstealthy
A: rotting body, claws 1, carnivore 3, cold resistance 1, negative energy
resistance 3, slow regeneration 1, torment resistance, unbreathing
a: Bend Time, Temporal Distortion, Slouch, Step From Time, Renounce Religion


You were in the Dungeon.
You worshipped Cheibriados.
Cheibriados was exalted by your worship.
You were not hungry.

You visited 1 branch You collected 53 gold pieces.


Innate Abilities, Weirdness & Mutations

Your body is rotting away.
You thrive on raw meat.
You are immune to poison.
You have sharp fingernails.
You are carnivorous and can eat meat at any time.
Your flesh is cold resistant.
You are immune to negative energy.
You regenerate slowly when monsters are visible.
You are immune to unholy pain and torment.
You can survive without breathing.

Inventory:

Hand Weapons
 m - a +2 vampiric war axe (weapon)
 t - a +3 battleaxe of electrocution
 D - a +2 whip of electrocution
Missiles
 d - 14 poisoned needles
Armour
 h - a +1 large shield (worn)
 p - a +1 pair of gloves (worn)
 s - a +1 cloak (worn)
 u - a +1 helmet (worn)
 C - a +0 pair of boots (worn)
 E - a +4 gold dragon armour (worn) {rC+ rF+ rPois}
Jewellery
 e - the ring "Zenazorph" {Fire +Blink Int-3 Stlth+}
   (You took it off a vampire knight in the Dungeon)

   [ring of fire]

   It enhances your fire magic, and weakens your ice magic.
   It affects your intelligence (-3).
   It protects you from fire.
   It makes you vulnerable to cold.
   It lets you blink.
   It makes you more stealthy.
 g - a +3 ring of intelligence (left hand)
 q - a +3 ring of strength (right hand)
Scrolls
 j - 3 scrolls of remove curse
 l - 2 scrolls of vulnerability
 v - 2 scrolls of fear
 x - a scroll of recharging
 y - 2 scrolls of enchant weapon
 A - 3 scrolls of identify
 B - a scroll of immolation
Potions
 a - 3 potions of brilliance {Archmagi Int+5 Wiz++}
 c - 2 potions of might {Str+5 DMG+1d10}
 n - 11 potions of curing
 o - 2 potions of heal wounds
Comestibles
 b - 8 meat rations
 i - 40 fruits
 r - 10 bread rations
 z - 10 chunks of flesh


You had 44 spell levels left.
You didn't know any spells.


   Skills:
 * Level 22.8 Fighting
 * Level 20.5 Axes
 * Level 17.6 Armour
 - Level 10.2 Dodging
 - Level 2.1 Stealth
 * Level 12.8 Shields
 - Level 4.3 Unarmed Combat
 * Level 15.2 Spellcasting
 - Level 10.5 Invocations

Dungeon Overview and Level Annotations

Branches:
Dungeon (1/1)

Altars:
Ashenzari
Cheibriados
Dithmenos
Elyvilon
Fedhas
Kikubaaqudgha
Makhleb
Nemelex Xobeh
Okawaru
Ru
Sif Muna
Trog
Vehumet
Xom
Yredelemnul
Zin
The Shining One
Beogh
Jiyva
Lugonu

Annotations:
D Dissolution

Vault maps used:
D:        pitsprint
You       could see Dissolution, a purple draconian annihilator, a great orb of
          eyes and 3 giant eyeballs.


Message History

* * * LOW MAGIC WARNING * * *
The purple draconian annihilator gestures wildly while chanting.
The purple draconian annihilator blinks!
Dissolution says, "Jiyva sees all!"
The eye of draining gazes at you.
Restored 31 HP.
You have now: 70/162 HP.
Drink which item? (? for menu, Esc to quit)
You feel better. The golden eye blinks at you.
You are confused.
Dissolution hits you!
You are splashed with acid!
The acid burns!
* * * LOW HITPOINT WARNING * * *
Dissolution misses you.
You lost 10 HP.
You have now: 60/162 HP.
Unknown command.
Unknown command.
You're too confused!
Unknown command.
You feel less confused.
The eye of draining dissolves into a puddle of slime!
The golden eye blinks at you.
You are confused.
The golden eye blinks at you.
You are more confused.
Dissolution completely misses you.
Dissolution hits you but does no damage.
You see here a long sword.
Unknown command.
The golden eye turns its gaze towards you.
The golden eye blinks at you. You resist with some effort.
The giant eyeball gazes at you.
You suddenly lose the ability to move!
The purple draconian annihilator gestures wildly while chanting.
The purple draconian annihilator blinks!
Dissolution says, "Jiyva sees all!"
The golden eye dissolves into a puddle of slime!
Dissolution hits you.
* * * LOW HITPOINT WARNING * * *
You are splashed with acid!
The acid corrodes you!
The acid burns!
* * * LOW HITPOINT WARNING * * *
Dissolution hits you!
* * * LOW HITPOINT WARNING * * *
You are splashed with acid!
The acid burns!
* * * LOW HITPOINT WARNING * * *
The giant eyeball gazes at you.
You shrug off the repeated paralysis!
The great orb of eyes gazes at you.
You struggle to resist.
Dissolution hits you!!
You die...

Action                   |  1- 3 |  4- 6 |  7- 9 | 10-12 | 13-15 || total
-------------------------+-------+-------+-------+-------+-------++-------
Melee: Unarmed           |    15 |       |       |       |       ||    15
       Hand axe          |    18 |    14 |       |       |       ||    32
       Whip              |       |     7 |    31 |       |       ||    38
       War axe           |       |       |    30 |   207 |   524 ||   761
       Battleaxe         |       |       |       |       |    26 ||    26
Invok: Slouch            |       |     1 |     5 |    14 |    23 ||    43
       Bend Time         |       |       |     5 |     8 |     6 ||    19
  Use: Potion            |     4 |       |     2 |     4 |    10 ||    20
       Scroll            |       |       |       |     1 |     5 ||     6
 Stab: Invisible         |       |     2 |       |       |     2 ||     4
       Petrifying        |       |       |       |       |     1 ||     1
  Eat: Chunk             |     3 |     2 |     9 |    10 |    28 ||    52

Notes
Turn   | Place    | Note
--------------------------------------------------------------
     0 | D        | hexophile the Ghoul Monk began the quest for the Orb.
     0 | D        | Reached XP level 1. HP: 19/19 MP: 0/0
     8 | D        | Noticed a worker ant
    18 | D        | Killed a worker ant
    18 | D        | Reached skill level 7 in Fighting
    18 | D        | Reached XP level 2. HP: 22/34 MP: 1/1
    18 | D        | Reached XP level 3. HP: 25/39 MP: 2/2
    31 | D        | Found a sacrificial altar of Ru.
    31 | D        | Found a basalt altar of Yredelemnul.
    31 | D        | Found a shadowy altar of Dithmenos.
    31 | D        | Found a deep blue altar of Sif Muna.
    31 | D        | Found a burning altar of Makhleb.
    31 | D        | Found a shimmering altar of Xom.
    31 | D        | Found an ancient bone altar of Kikubaaqudgha.
    31 | D        | Found a sparkling altar of Nemelex Xobeh.
    64 | D        | Found a bloodstained altar of Trog.
    64 | D        | Found a corrupted altar of Lugonu.
    64 | D        | Found a viscous altar of Jiyva.
    74 | D        | Found a glowing golden altar of the Shining One.
    74 | D        | Found a glowing silver altar of Zin.
    82 | D        | Found a shattered altar of Ashenzari.
    82 | D        | Found a white marble altar of Elyvilon.
    82 | D        | Found a snail-covered altar of Cheibriados.
    82 | D        | Found a blossoming altar of Fedhas.
    82 | D        | Found a radiant altar of Vehumet.
    82 | D        | Found a roughly hewn altar of Beogh.
    82 | D        | Found an iron altar of Okawaru.
    88 | D        | Became a worshipper of Cheibriados the Contemplative
    88 | D        | Reached * piety under Cheibriados
    88 | D        | Reached ** piety under Cheibriados
   142 | D        | Reached skill level 1 in Axes
   142 | D        | Reached skill level 1 in Invocations
   221 | D        | Reached skill level 2 in Invocations
   232 | D        | Reached *** piety under Cheibriados
   232 | D        | Reached skill level 2 in Axes
   234 | D        | Reached skill level 3 in Invocations
   343 | D        | Noticed a brain worm
   344 | D        | Noticed an orc wizard
   344 | D        | Noticed a worker ant
   349 | D        | Reached **** piety under Cheibriados
   350 | D        | Reached XP level 4. HP: 33/47 MP: 5/5
   356 | D        | Killed a worker ant
   356 | D        | Reached skill level 3 in Axes
   356 | D        | Reached skill level 4 in Invocations
   358 | D        | Killed a brain worm
   358 | D        | Reached ***** piety under Cheibriados
   358 | D        | Reached skill level 5 in Axes
   358 | D        | Reached skill level 6 in Invocations
   358 | D        | Reached XP level 5. HP: 19/52 MP: 5/8
   387 | D        | Killed an orc wizard
   479 | D        | Noticed a wolf
   483 | D        | Noticed an orc wizard
   484 | D        | Noticed an orc priest
   487 | D        | Killed a wolf
   487 | D        | Reached skill level 7 in Axes
   487 | D        | Reached skill level 8 in Invocations
   487 | D        | Reached XP level 6. HP: 34/60 MP: 9/11
   487 | D        | Killed an orc wizard
   487 | D        | Reached skill level 9 in Invocations
   487 | D        | Killed an orc priest
   487 | D        | Reached ****** piety under Cheibriados
   487 | D        | Reached skill level 8 in Axes
   511 | D        | Noticed a fire bat
   511 | D        | Killed a fire bat
   511 | D        | Reached skill level 10 in Invocations
   511 | D        | Reached XP level 7. HP: 42/66 MP: 7/13
   547 | D        | Reached skill level 9 in Axes
   548 | D        | Noticed an orange demon
   563 | D        | Killed an orange demon
   563 | D        | Reached skill level 9 in Fighting
   563 | D        | Reached skill level 10 in Axes
   624 | D        | Noticed Pikel
   624 | D        | Noticed a slave
   624 | D        | Noticed a slave
   624 | D        | Noticed a slave
   637 | D        | Killed Pikel
   637 | D        | Reached skill level 10 in Fighting
   637 | D        | Reached skill level 11 in Axes
   637 | D        | Reached XP level 8. HP: 64/81 MP: 6/14
   706 | D        | Noticed a freezing wraith
   706 | D        | Noticed a flayed ghost
   715 | D        | Killed a freed slave
   715 | D        | Killed a freed slave
   720 | D        | Killed a freezing wraith
   720 | D        | Reached skill level 11 in Fighting
   726 | D        | Killed a flayed ghost
   726 | D        | Reached skill level 12 in Fighting
   726 | D        | Reached skill level 12 in Axes
   726 | D        | Reached XP level 9. HP: 8/92 MP: 3/15
  1192 | D        | Noticed a black bear
  1192 | D        | Noticed a centaur
  1200 | D        | Killed a centaur
  1201 | D        | Killed a black bear
  1201 | D        | Reached skill level 1 in Armour
  1201 | D        | Reached skill level 3 in Dodging
  1227 | D        | Noticed a shadow
  1230 | D        | Killed a shadow
  1230 | D        | Reached skill level 2 in Armour
  1231 | D        | Noticed a hound
  1234 | D        | Killed a hound
  1243 | D        | Noticed a sky beast
  1244 | D        | Noticed a phantasmal warrior
  1249 | D        | Killed a sky beast
  1249 | D        | Reached skill level 13 in Fighting
  1249 | D        | Reached skill level 4 in Dodging
  1250 | D        | Killed a phantasmal warrior
  1250 | D        | Reached skill level 3 in Armour
  1403 | D        | Noticed a hound
  1407 | D        | Killed a hound
  1428 | D        | Noticed a jumping spider
  1431 | D        | Killed a jumping spider
  1431 | D        | Reached skill level 13 in Axes
  1431 | D        | Reached skill level 4 in Armour
  1431 | D        | Reached skill level 5 in Dodging
  1525 | D        | Noticed a deep elf fighter
  1526 | D        | Noticed a deep elf conjurer
  1526 | D        | Noticed a deep elf mage
  1537 | D        | Noticed a swamp dragon
  1545 | D        | Killed a swamp dragon
  1545 | D        | Reached XP level 10. HP: 97/102 MP: 12/16
  1551 | D        | Noticed a vampire mage
  1566 | D        | Killed a vampire mage
  1566 | D        | Reached skill level 14 in Fighting
  1566 | D        | Reached skill level 5 in Armour
  1566 | D        | Reached skill level 6 in Dodging
  1570 | D        | Noticed a blink frog
  1570 | D        | Noticed a blink frog
  1576 | D        | Noticed a deep elf conjurer
  1576 | D        | Killed a deep elf mage
  1577 | D        | Noticed a small abomination
  1578 | D        | Noticed a blink frog
  1578 | D        | Noticed a blink frog
  1579 | D        | Noticed a fire drake
  1579 | D        | Killed a blink frog
  1579 | D        | Reached skill level 6 in Armour
  1579 | D        | Killed a blink frog
  1579 | D        | Killed a blink frog
  1579 | D        | Reached skill level 7 in Dodging
  1579 | D        | Killed a blink frog
  1580 | D        | Noticed a large abomination
  1581 | D        | Noticed a small abomination
  1581 | D        | Killed a fire drake
  1582 | D        | Killed a small abomination
  1589 | D        | Noticed a blink frog
  1589 | D        | Killed a small abomination
  1590 | D        | Killed a deep elf conjurer
  1590 | D        | Reached skill level 14 in Axes
  1590 | D        | Reached skill level 7 in Armour
  1591 | D        | Killed a deep elf fighter
  1596 | D        | Killed a large abomination
  1596 | D        | Reached skill level 8 in Dodging
  1638 | D        | Killed a blink frog
  1638 | D        | Reached XP level 11. HP: 99/111 MP: 9/17
  1649 | D        | Noticed a deep elf priest
  1650 | D        | Noticed a water moccasin
  1650 | D        | Noticed a deep elf fighter
  1651 | D        | Noticed a blink frog
  1651 | D        | Noticed a spriggan
  1657 | D        | Noticed a sky beast
  1657 | D        | Killed a water moccasin
  1657 | D        | Reached skill level 15 in Fighting
  1657 | D        | Killed a spriggan
  1657 | D        | Killed an unseen horror
  1657 | D        | Reached skill level 8 in Armour
  1657 | D        | Reached skill level 1 in Spellcasting
  1657 | D        | Killed a blink frog
  1657 | D        | Reached skill level 2 in Spellcasting
  1660 | D        | Killed a deep elf fighter
  1662 | D        | Noticed a wolf
  1664 | D        | Noticed a freezing wraith
  1665 | D        | Noticed a polar bear
  1666 | D        | Noticed a freezing wraith
  1667 | D        | Noticed a phantasmal warrior
  1669 | D        | Killed a wolf
  1674 | D        | Killed a deep elf conjurer
  1676 | D        | Killed a polar bear
  1678 | D        | Killed a sky beast
  1678 | D        | Reached skill level 3 in Spellcasting
  1680 | D        | Killed a deep elf priest
  1680 | D        | Reached skill level 9 in Dodging
  1684 | D        | Killed a freezing wraith
  1693 | D        | Killed a phantasmal warrior
  1771 | D        | Killed a freezing wraith
  1802 | D        | Noticed a hellwing
  1803 | D        | Noticed a blink frog
  1803 | D        | Noticed a water moccasin
  1815 | D        | Noticed a blink frog
  1818 | D        | Killed a hellwing
  1818 | D        | Reached skill level 4 in Spellcasting
  1819 | D        | Killed a water moccasin
  1819 | D        | Reached skill level 9 in Armour
  1821 | D        | Noticed a troll
  1822 | D        | Noticed an elephant
  1822 | D        | Noticed a crocodile
  1831 | D        | Killed a troll
  1832 | D        | Killed an elephant
  1834 | D        | Killed a crocodile
  1841 | D        | Killed a blink frog
  1845 | D        | Killed a blink frog
  1852 | D        | Noticed an anaconda
  1868 | D        | Killed an anaconda
  1868 | D        | Reached skill level 16 in Fighting
  1868 | D        | Reached skill level 15 in Axes
  1994 | D        | Noticed a hellwing
  2002 | D        | Killed a hellwing
  2002 | D        | Reached skill level 5 in Spellcasting
  2004 | D        | Noticed a flying skull
  2008 | D        | Killed a flying skull
  2008 | D        | Reached skill level 10 in Dodging
  2015 | D        | Noticed an insubstantial wisp
  2016 | D        | Noticed an insubstantial wisp
  2017 | D        | Noticed an insubstantial wisp
  2018 | D        | Noticed an insubstantial wisp
  2024 | D        | Killed an insubstantial wisp
  2026 | D        | Killed an insubstantial wisp
  2030 | D        | Killed an insubstantial wisp
  2033 | D        | Killed an insubstantial wisp
  2045 | D        | Noticed a guardian mummy
  2046 | D        | Noticed an insubstantial wisp
  2054 | D        | Killed a guardian mummy
  2061 | D        | Killed an insubstantial wisp
  2218 | D        | Noticed Joseph
  2224 | D        | Noticed a deep troll
  2233 | D        | Killed a deep troll
  2233 | D        | Reached skill level 10 in Armour
  2233 | D        | Reached XP level 12. HP: 122/124 MP: 8/19
  2238 | D        | Killed Joseph
  2262 | D        | Noticed a yak
  2263 | D        | Noticed a fire elemental
  2263 | D        | Noticed a yak
  2264 | D        | Noticed a yak
  2264 | D        | Noticed a yak
  2264 | D        | Noticed a yak
  2269 | D        | Killed a yak
  2271 | D        | Killed a yak
  2271 | D        | Reached skill level 6 in Spellcasting
  2272 | D        | Killed a yak
  2274 | D        | Killed a yak
  2275 | D        | Killed a fire elemental
  2284 | D        | Killed a yak
  2300 | D        | Noticed a harpy
  2300 | D        | Noticed a harpy
  2300 | D        | Noticed a harpy
  2300 | D        | Noticed a harpy
  2300 | D        | Noticed a harpy
  2301 | D        | Noticed an orc knight
  2301 | D        | Noticed an orc knight
  2302 | D        | Noticed an alligator snapping turtle
  2302 | D        | Noticed an orc knight
  2302 | D        | Noticed an orc warlord
  2303 | D        | Noticed an orc knight
  2303 | D        | Noticed an orc warlord
  2303 | D        | Noticed an orc knight
  2304 | D        | Killed a harpy
  2306 | D        | Noticed an orc knight
  2306 | D        | Killed a harpy
  2306 | D        | Killed a harpy
  2306 | D        | Killed a harpy
  2306 | D        | Killed a harpy
  2306 | D        | Reached skill level 17 in Fighting
  2306 | D        | Reached skill level 7 in Spellcasting
  2307 | D        | Noticed an orc knight
  2308 | D        | Noticed a cyan ugly thing
  2308 | D        | Killed an orc knight
  2309 | D        | Noticed an orc knight
  2309 | D        | Killed an orc knight
  2309 | D        | Reached skill level 11 in Armour
  2309 | D        | Killed an orc knight
  2309 | D        | Killed an orc knight
  2309 | D        | Killed an orc knight
  2309 | D        | Reached skill level 16 in Axes
  2314 | D        | Killed an orc knight
  2314 | D        | Killed an orc knight
  2314 | D        | Reached skill level 8 in Spellcasting
  2315 | D        | Killed an orc warlord
  2317 | D        | Killed an orc warlord
  2318 | D        | Killed a cyan ugly thing
  2318 | D        | Reached skill level 18 in Fighting
  2318 | D        | Reached skill level 12 in Armour
  2331 | D        | Killed an alligator snapping turtle
  2331 | D        | Reached skill level 9 in Spellcasting
  2331 | D        | Reached XP level 13. HP: 63/134 MP: 3/25
  2372 | D        | Killed an orc knight
  2389 | D        | Noticed a deep elf knight
  2390 | D        | Noticed a naga warrior
  2390 | D        | Noticed a catoblepas
  2390 | D        | Noticed a deep elf knight
  2390 | D        | Noticed a hell beast
  2391 | D        | Noticed a yaktaur captain
  2395 | D        | Killed a deep elf knight
  2401 | D        | Killed a deep elf knight
  2403 | D        | Killed a hell beast
  2404 | D        | Killed a naga warrior
  2417 | D        | Noticed a yaktaur captain
  2424 | D        | Killed a catoblepas
  2425 | D        | Killed a yaktaur captain
  2425 | D        | Reached skill level 17 in Axes
  2434 | D        | Killed a yaktaur captain
  2434 | D        | Reached skill level 10 in Spellcasting
  2435 | D        | Noticed a vault guard
  2436 | D        | Noticed a deep elf knight
  2436 | D        | Noticed a deep elf knight
  2437 | D        | Noticed a fire dragon
  2437 | D        | Noticed an orc knight
  2437 | D        | Noticed a vault guard
  2446 | D        | Killed a vault guard
  2446 | D        | Reached skill level 13 in Armour
  2456 | D        | Killed a deep elf knight
  2463 | D        | Killed an orc knight
  2480 | D        | Killed a deep elf knight
  2480 | D        | Reached skill level 19 in Fighting
  2538 | D        | Killed a fire dragon
  2541 | D        | Killed a vault guard
  2791 | D        | Noticed a fire drake
  2791 | D        | Noticed an alligator snapping turtle
  2791 | D        | Noticed a red devil
  2795 | D        | Killed a fire drake
  2803 | D        | Killed an alligator snapping turtle
  2803 | D        | Reached skill level 1 in Shields
  2806 | D        | Killed a red devil
  2829 | D        | Noticed a greater mummy
  2847 | D        | Killed a greater mummy
  2847 | D        | Reached skill level 14 in Armour
  2847 | D        | Reached skill level 4 in Shields
  2847 | D        | Reached skill level 11 in Spellcasting
  3290 | D        | Noticed a yak
  3290 | D        | Noticed a yak
  3290 | D        | Noticed a spriggan
  3293 | D        | Noticed an eidolon
  3301 | D        | Killed an eidolon
  3301 | D        | Reached XP level 14. HP: 143/147 MP: 28/28
  3308 | D        | Killed a spriggan
  3309 | D        | Noticed a yak
  3315 | D        | Killed a yak
  3316 | D        | Noticed a red devil
  3317 | D        | Noticed a ghost moth
  3318 | D        | Killed a yak
  3320 | D        | Noticed a yak
  3320 | D        | Killed a yak
  3321 | D        | Noticed an angel
  3345 | D        | Killed an angel
  3345 | D        | Reached skill level 18 in Axes
  3345 | D        | Reached skill level 5 in Shields
  3346 | D        | Noticed a spriggan druid
  3350 | D        | Killed a ghost moth
  3351 | D        | Noticed a yak
  3361 | D        | Killed a spriggan druid
  3369 | D        | Noticed a neqoxec
  3369 | D        | Noticed a spriggan
  3369 | D        | Killed a yak
  3371 | D        | Identified a cursed +7 rod of shadows (6/11)
  3372 | D        | Killed a yak
  3372 | D        | Reached skill level 20 in Fighting
  3373 | D        | Noticed a wolf
  3374 | D        | Killed a wolf
  3375 | D        | Noticed a hornet
  3379 | D        | Killed a hornet
  3380 | D        | Noticed a swamp dragon
  3386 | D        | Killed a swamp dragon
  3387 | D        | Noticed a deep elf demonologist
  3392 | D        | Killed a deep elf demonologist
  3392 | D        | Reached skill level 6 in Shields
  3392 | D        | Reached skill level 12 in Spellcasting
  3397 | D        | Noticed an eidolon
  3397 | D        | Noticed Sonja
  3398 | D        | Noticed an emperor scorpion
  3398 | D        | Noticed a death knight
  3406 | D        | Killed a red devil
  3408 | D        | Killed a neqoxec
  3408 | D        | Killed a death knight
  3408 | D        | Killed Sonja
  3408 | D        | Killed a spriggan
  3409 | D        | Noticed a smoke demon
  3413 | D        | Killed a smoke demon
  3416 | D        | Killed an eidolon
  3459 | D        | Killed an emperor scorpion
  3459 | D        | Reached skill level 7 in Shields
  3481 | D        | Noticed a dire elephant
  3498 | D        | Killed a dire elephant
  3498 | D        | Reached skill level 15 in Armour
  3560 | D        | Noticed a death knight
  3560 | D        | Noticed a harpy
  3560 | D        | Noticed a harpy
  3561 | D        | Noticed a profane servitor
  3562 | D        | Noticed a centaur warrior
  3564 | D        | Noticed a harpy
  3566 | D        | Killed a harpy
  3569 | D        | Killed an unseen horror
  3570 | D        | Killed a harpy
  3571 | D        | Killed a harpy
  3630 | D        | Killed a profane servitor
  3630 | D        | Reached skill level 8 in Shields
  3642 | D        | Killed a death knight
  3644 | D        | Killed a centaur warrior
  3681 | D        | Noticed a death cob
  3696 | D        | Killed a death cob
  3696 | D        | Reached skill level 21 in Fighting
  3696 | D        | Reached skill level 13 in Spellcasting
  3772 | D        | Noticed a deep elf summoner
  3772 | D        | Noticed a smoke demon
  3774 | D        | Noticed a hell beast
  3774 | D        | Noticed a redback
  3777 | D        | Killed a smoke demon
  3778 | D        | Noticed a redback
  3778 | D        | Killed a redback
  3778 | D        | Reached skill level 9 in Shields
  3782 | D        | Noticed an eye of devastation
  3782 | D        | Noticed a redback
  3783 | D        | Noticed a vampire knight
  3784 | D        | Killed a deep elf summoner
  3784 | D        | Reached skill level 19 in Axes
  3787 | D        | Killed a hell beast
  3790 | D        | Killed a redback
  3792 | D        | Killed a redback
  3797 | D        | Killed an eye of devastation
  3801 | D        | Noticed a vampire
  3804 | D        | Noticed a redback
  3806 | D        | Noticed a deep elf mage
  3809 | D        | Killed a redback
  3811 | D        | Noticed a rust devil
  3813 | D        | Killed a vampire knight
  3815 | D        | Noticed a griffon
  3816 | D        | Killed a deep elf mage
  3827 | D        | Killed a rust devil
  3829 | D        | Killed a griffon
  3833 | D        | Killed a vampire
  3846 | D        | Got the ring "Zenazorph" {Fire +Blink Int-3 Stlth+}
  3854 | D        | Got the +2 falchion of Wecsu {venom, Str+4}
  3869 | D        | Noticed an ophan
  3874 | D        | Noticed an unseen horror
  3885 | D        | Killed an ophan
  3885 | D        | Reached XP level 15. HP: 137/158 MP: 31/31
  3900 | D        | Noticed an alligator snapping turtle
  3900 | D        | Noticed a death yak
  3901 | D        | Noticed a merfolk
  3901 | D        | Noticed a death yak
  3901 | D        | Noticed a death yak
  3901 | D        | Noticed a fire elemental
  3901 | D        | Noticed a merfolk
  3902 | D        | Noticed a merfolk javelineer
  3902 | D        | Noticed a cherub
  3902 | D        | Noticed a green death
  3902 | D        | Noticed a wandering mushroom
  3902 | D        | Noticed a spriggan defender
  3902 | D        | Noticed a water elemental
  3903 | D        | Noticed a greater naga
  3903 | D        | Noticed a death yak
  3905 | D        | Noticed a hell beast
  3905 | D        | Noticed a merfolk
  3905 | D        | Noticed a death yak
  3905 | D        | Killed an unseen horror
  3905 | D        | Reached skill level 16 in Armour
  3906 | D        | Killed a fire elemental
  3906 | D        | Killed a hell beast
  3907 | D        | Noticed an eye of devastation
  3907 | D        | Noticed a great orb of eyes
  3908 | D        | Noticed a death yak
  3909 | D        | Killed a death yak
  3909 | D        | Reached skill level 10 in Shields
  3910 | D        | Noticed a death cob
  3910 | D        | Killed a death yak
  3910 | D        | Killed a death yak
  3910 | D        | Killed a death yak
  3910 | D        | Killed a water elemental
  3910 | D        | Killed a wandering mushroom
  3911 | D        | Noticed a fire giant
  3914 | D        | Killed a death yak
  3915 | D        | Killed a death yak
  3916 | D        | Killed a death cob
  3923 | D        | Killed a fire giant
  3923 | D        | Reached skill level 14 in Spellcasting
  3925 | D        | Killed an alligator snapping turtle
  3926 | D        | Noticed a vault guard
  3931 | D        | Killed a spriggan defender
  3931 | D        | Reached skill level 11 in Shields
  3933 | D        | Noticed a curse toe
  3933 | D        | Killed a cherub
  3939 | D        | Killed a merfolk
  3948 | D        | Killed a merfolk
  3956 | D        | Killed a curse toe
  3956 | D        | Reached skill level 22 in Fighting
  3960 | D        | Killed an eye of devastation
  3965 | D        | Noticed a green draconian
  3968 | D        | Noticed a death cob
  3979 | D        | Noticed an apis
  3982 | D        | Killed a vault guard
  3989 | D        | Killed a greater naga
  3989 | D        | Reached skill level 20 in Axes
  3989 | D        | Reached skill level 17 in Armour
  3990 | D        | Killed a green draconian
  3991 | D        | Killed a death cob
  3991 | D        | Reached skill level 12 in Shields
  3999 | D        | Killed a great orb of eyes
  4005 | D        | Killed a lorocyproca
  4008 | D        | Killed a green death
  4025 | D        | Killed an apis
  4029 | D        | Killed a merfolk javelineer
  4029 | D        | Reached skill level 15 in Spellcasting
  4031 | D        | Killed a merfolk
  4065 | D        | Noticed an iron dragon
  4077 | D        | Killed an iron dragon
  4087 | D        | Noticed Dissolution
  4087 | D        | Noticed a green draconian
  4090 | D        | Noticed a purple draconian annihilator
  4091 | D        | Noticed a hell beast
  4092 | D        | Noticed a yellow draconian
  4094 | D        | Noticed a soul eater
  4103 | D        | Noticed a vault guard
  4113 | D        | Killed a hell beast
  4115 | D        | Killed a vault guard
  4115 | D        | Killed a soul eater
  4117 | D        | Killed a yellow draconian
  4122 | D        | Paralysed by a giant eyeball for 4 turns
  4124 | D        | Slain by Dissolution

Table legend:
 A = Turns spent in this place as a percentage of turns spent in the entire game.
 B = Non-inter-level travel turns spent in this place as a percentage of non-inter-level travel turns spent in the entire game.
 C = Inter-level travel turns spent in this place as a percentage of turns spent in this place.
 D = Turns resting spent in this place as a percentage of non-inter-level travel turns spent in this place.
 E = Turns spent auto-exploring this place as a percentage of non-inter-level travel turns spent in this place.
 F = Non-inter-level travel turns spent in this place divided by the number of levels of this place that you've seen.
                   A       B       C       D       E      F
               +-------+-------+-------+-------+-------+----------------------
         Total | 100.0 | 100.0 |   0.0 |   2.2 |   0.0 | 2532.0
       Dungeon | 100.0 | 100.0 |   0.0 |   2.2 |   0.0 | 2532.0
               +-------+-------+-------+-------+-------+----------------------

Table legend:
 A = Kills in this place as a percentage of kills in entire the game.
 B = Kills by you in this place as a percentage of kills by you in the entire game.
 C = Kills by friends in this place as a percentage of kills by friends in the entire game.
 D = Other kills in this place as a percentage of other kills in the entire game.
 E = Experience gained in this place as a percentage of experience gained in the entire game.
 F = Experience gained in this place divided by the number of levels of this place that you have seen.
                   A       B       C       D       E      F
               +-------+-------+-------+-------+-------+----------------------
         Total | 100.0 | 100.0 |  -nan |  -nan | 100.0 | 125235.0
       Dungeon | 100.0 | 100.0 |  -nan |  -nan | 100.0 | 125235.0
               +-------+-------+-------+-------+-------+----------------------

Vanquished Creatures
  A greater mummy (D)
  A curse toe (D)
  A profane servitor (D)
  3 death cobs (D)
  A fire giant (D)
  A greater naga (D)
  A ghost moth (D)
  An iron dragon (D)
  An emperor scorpion (D)
  2 orc warlords (D)
  An angel (D)
  A spriggan defender (D)
  An ophan (D)
  An apis (D)
  A vampire knight (D)
  A green draconian (D)
  A deep elf demonologist (D)
  A dire elephant (D)
  A lorocyproca (D)
  A yellow draconian (D)
  2 eidola (D)
  A fire dragon (D)
  A merfolk javelineer (D)
  4 vault guards (D)
  A green death (D)
  2 yaktaur captains (D)
  A naga warrior (D)
  2 death knights (D)
  A catoblepas (D)
  4 hell beasts (D)
  A great orb of eyes (D)
  A centaur warrior (D)
  An anaconda (D)
  3 alligator snapping turtles (D)
  A vampire mage (D)
  6 death yaks (D)
  4 deep elf knights (D)
  A soul eater (D)
  Sonja (D)
  A cherub (D)
  3 unseen horrors (D)
  A spriggan druid (D)
  A deep troll (D)
  A flayed ghost (D)
  A deep elf summoner (D)
  2 swamp dragons (D)
  8 harpies (D)
  2 deep elf conjurers (D)
  Pikel (D)
  2 phantasmal warriors (D)
  An ugly thing (D)
  9 orc knights (D)
  A griffon (D)
  A hornet (D)
  A rust devil (D)
  An elephant (D)
  2 eyes of devastation (D)
  Joseph (D)
  2 smoke demons (D)
  An orange demon (D)
  A guardian mummy (D)
  2 red devils (D)
  2 fire drakes (D)
  2 hellwings (D)
  A deep elf priest (D)
  3 freezing wraiths (D)
  A troll (D)
  3 merfolk (D)
  A wandering mushroom (D)
  A jumping spider (D)
  A polar bear (D)
  8 blink frogs (D)
  A vampire (D)
  A large abomination (D)
  A flying skull (D)
  4 redbacks (D)
  A water elemental (D)
  A shadow (D)
  2 deep elf fighters (D)
  10 yaks (D)
  3 spriggans (D)
  A fire bat (D)
  2 deep elf magi (D)
  2 fire elementals (D)
  3 wolves (D)
  5 insubstantial wisps (D)
  A neqoxec (D)
  2 slaves (D)
  2 sky beasts (D)
  2 water moccasins (D)
  A black bear (D)
  A crocodile (D)
  A centaur (D)
  A brain worm (D)
  2 small abominations (D)
  2 orc wizards (D)
  An orc priest (D)
  2 hounds (D)
  2 worker ants (D)
  6 sheep (D)
  2 mummies (D)
  2 river rats (D)
  A gnoll (D)
  An adder (D)
  An ufetubus (D)
  A giant eyeball (D)
  An ooze (D)
  An adder zombie (D)
  A giant gecko (D)
  6 orcs (D)
  A bat zombie (D)
  3 goblins (D)
  4 jackals (D)
  A quokka (D)
219 creatures vanquished.
